 Dungeon Crawl Stone Soup version 0.29.1-12-g30fa7ad0bf (webtiles) character file.

Game seed: 1641365707800047871

155 GeoRichter the Caller (level 5, -3/51 (57) HPs)
             Began as a Demonspawn Wanderer on Dec 23, 2022.
             Slain by a wight
             ... wielding a +0 mace
              (7 damage)
             ... on level 4 of the Dungeon.
             The game lasted 00:05:12 (3200 turns).

GeoRichter the Caller (Demonspawn Wanderer)         Turns: 3200, Time: 00:05:12

HP:   -3/51 (57)    AC:  8    Str: 12    XL:     5   Next: 14%
MP:   8/9           EV: 12    Int: 15    God:
Gold: 8             SH:  4    Dex: 13    Spells: 3/10 levels left

rFire   . . .      SeeInvis .   i - +2 short sword (drain)
rCold   . . .      Faith    .   (no shield)
rNeg    . . .      Spirit   .   d - +2 leather armour
rPois   +          Reflect  .   (helmet restricted)
rElec   .          Harm     .   s - +0 cloak
rCorr   .          Rampage  .   (no gloves)
Will    .....                   (no boots)
Stlth   ..........              (no amulet)
HPRegen 0.17/turn               m - +4 ring of slaying
MPRegen 0.11/turn               n - ring of poison resistance

@: berserking, heavily drained, very quick
A: horns 1, slimy green scales 1, condensation shield
a: no special abilities


You were on level 4 of the Dungeon.
You visited 1 branch of the dungeon, and saw 4 of its levels.

You collected 184 gold pieces.
You spent 176 gold pieces at shops.

Inventory:

Hand Weapons
 i - a +2 short sword of draining (weapon)
   (You took it off a kobold on level 1 of the Dungeon)
Missiles
 t - 4 javelins
Armour
 d - a +2 leather armour (worn)
 r - a +0 buckler
   (You found it on level 3 of the Dungeon)
 s - a +0 cloak (worn)
   (You found it on level 4 of the Dungeon)
Jewellery
 m - a +4 ring of slaying (left hand)
   (You found it on level 3 of the Dungeon)
 n - a ring of poison resistance (right hand)
   (You found it on level 3 of the Dungeon)
Scrolls
 b - 2 scrolls of fog
 c - a scroll of silence
 g - 2 scrolls of teleportation {@r4}
 k - a scroll of brand weapon
 o - a scroll of magic mapping {unknown}
 p - a scroll of vulnerability {unknown}
Potions
 a - 5 potions of curing {@q1}
 f - a potion of lignification {unknown}
 h - a potion of berserk rage
 j - a potion of degeneration {unknown}
 l - 3 potions of haste {@q3}
 q - a potion of brilliance {unknown}


   Skills:
 - Level 2.0 Fighting
 - Level 1.0 Armour
 - Level 2.6 Dodging
 - Level 1.0 Stealth
 + Level 3.2 Spellcasting
 * Level 4.1 Summonings


You had 3 spell levels left.
You knew the following spells:

 Your Spells              Type           Power      Damage    Failure   Level
a - Summon Small Mammal   Summ           56%        N/A       4%          1
b - Summon Guardian Gole  Hex/Summ       8%         N/A       32%         3
c - Frozen Ramparts       Ice            4%         1d1       58%         3

Your spell library contained the following spells:

 Spells                   Type           Power      Damage    Failure   Level
 Freeze                   Ice            8%         1d3       26%         1
 Sandblast                Erth           4%         2d4       26%         1
 Passwall                 Tmut/Erth      1%         N/A       36%         2
 Stone Arrow              Conj/Erth      4%         3d7       58%         3
 Hailstorm                Conj/Ice       2%         3d3       94%         4


Dungeon Overview and Level Annotations

Branches:
Dungeon (4/15) Zot: 20784
 Temple: D:4-7

Altars:
Uskayaw

Shops:
D:4 !*=


Innate Abilities, Weirdness & Mutations

You have a pair of small horns on your head.
You are partially covered in slimy green scales. (AC +2)
A meltable shield of frost defends you. (SH +4)


Message History

There is a stone staircase leading up here.
No target in view!
There is a stone staircase leading down here.
You aren't carrying any items that you can evoke.
Unknown command.
Your bat closely misses the wight.
The wight closely misses your bat. The wight barely misses your bat.
Your bat hits the wight but does no damage.
Your bat hits the wight but does no damage. x3
The wight misses your bat. x2; Your bat barely misses the wight.
Your bat hits the wight but does no damage.
Your bat hits the wight but does no damage.
Your bat closely misses the wight. x2; The wight hits you with a +0 spear!
You feel drained.
You hit the wight but do no damage. You headbutt the wight.
Your bat closely misses the wight.
The wight hits you with a +0 spear.
You feel drained. The wight hits you but does no damage.
Your bat closely misses the wight.
Your bat hits the wight but does no damage.
You hit the wight.
Your bat hits the wight but does no damage.
Your bat hits the wight. The wight closely misses you.
The wight barely misses you.
You barely miss the wight. Your headbutt misses the wight.
Your bat barely misses the wight.
Your bat hits the wight. The wight hits you with a +0 spear.
You feel drained. The wight misses you.
You hit the wight but do no damage. You headbutt the wight.
Your bat hits the wight but does no damage. x2
The wight hits you with a +0 spear.
* * * LOW HITPOINT WARNING * * *
The wight closely misses you.
You hit the wight but do no damage.
Your bat hits the wight but does no damage. x3
The wight hits you with a +0 spear!
* * * LOW HITPOINT WARNING * * *
The wight misses you.
Okay, then.
A red film seems to cover your vision as you go berserk!
You feel yourself moving faster!
You feel mighty!
Your bat closely misses the wight.
Your bat hits the wight but does no damage.
The wight hits you with a +0 spear.
* * * LOW HITPOINT WARNING * * *
The wight barely misses you.
Your bat hits the wight but does no damage.
You hit the wight.
You destroy the wight!
Your bat hits the wight.
Your bat closely misses the wight.
The wight hits you with a +0 mace!
You die...

#..$##$..#....)...............
#..#$$#..#..............##....
####......####...###............
#..##....##.##.....#..........##
#..###''##....>...#.#.........##
##..##.z#.##.....#...#......####
#....##...#....##.(∩..##..###
#....##..........#...#.#..#
#........#....z@..#.#....##
####...........)...#....##
#.............bb........#
#..........#...z..#.....##
#.#............[..##.....##
####......................#
##...........#...#.......##
#.............#.#....#...#
#..............∩....##..##


You could see 2 wights and 2 friendly bats.

Vanquished Creatures
  A scorpion (D:4)
  A wight (D:4)
  Terence (D:3)
  4 dart slugs
  A worm (D:2)
  4 ball pythons
  3 bats (D:3)
  8 endoplasms
  2 giant cockroaches (D:2)
  4 goblins
  7 jackals
  5 kobolds
  4 quokkas
  2 frilled lizards
  3 rats
50 creatures vanquished.

Vanquished Creatures (collateral kills)
  A bat (D:1)
  A hobgoblin (D:1)
  A jackal (D:1)
  A quokka (D:1)
  A goblin (D:1)
5 creatures vanquished.

Grand Total: 55 creatures vanquished

Notes
Turn   | Place    | Note
-------+----------+-------------------------------------------
     0 | D:1      | GeoRichter the Demonspawn Wanderer began the quest for the
                  | Orb.
     0 | D:1      | GeoRichter set off with the following items: a +0 club, a
                  | scroll of fog, a scroll of silence, a +2 leather armour;
                  | and the following spell memorised: Summon Small Mammal; and
                  | the following spells available to memorise: Summon Guardian
                  | Golem.
     0 | D:1      | Reached XP level 1. HP: 16/16 MP: 3/3
     5 | D:1      | You fall into a shaft and drop 1 floor!
   269 | D:1      | Gained mutation: You are partially covered in slimy green
                  | scales. (AC +2) [demonic ancestry]
   269 | D:1      | Reached XP level 2. HP: 10/22 MP: 1/5
   536 | D:1      | Reached skill level 2 in Summonings
  1025 | D:1      | Gained mutation: You have a pair of small horns on your
                  | head. [demonic ancestry]
  1025 | D:1      | Reached XP level 3. HP: 22/22 MP: 4/6
  1687 | D:2      | Found a faded altar of an unknown god.
  1974 | D:3      | Reached skill level 3 in Summonings
  1980 | D:3      | Learned a level 3 spell: Summon Guardian Golem
  1984 | D:3      | Learned a level 3 spell: Frozen Ramparts
  2090 | D:3      | Noticed a +0 hand axe
  2309 | D:3      | Reached XP level 4. HP: 31/31 MP: 8/8
  2386 | D:3      | Noticed a +0 hand axe
  2391 | D:3      | Found a hide-covered altar of Uskayaw.
  2431 | D:3      | Noticed Terence
  2445 | D:3      | Killed Terence
  2876 | D:4      | Noticed a scorpion
  2884 | D:4      | Killed a scorpion
  2885 | D:4      | Reached skill level 4 in Summonings
  2885 | D:4      | Gained mutation: A meltable shield of frost defends you.
                  | (SH +4) [demonic ancestry]
  2885 | D:4      | Reached XP level 5. HP: 38/38 MP: 6/9
  2916 | D:4      | Found Xicw's General Store.
  2924 | D:4      | Bought 2 scrolls of identify for 56 gold pieces
  2937 | D:4      | Found Yssac's Distillery.
  2946 | D:4      | Bought a potion of curing for 30 gold pieces
  2946 | D:4      | Bought a potion of curing for 30 gold pieces
  2946 | D:4      | Bought 2 potions of curing for 60 gold pieces
  3017 | D:4      | Found Vyf Mec's Jewellery Emporium.
  3017 | D:4      | Noticed an ogre
  3200 | D:4      | Slain by a wight

Illustrated notes

Levels and vault maps discovered:
D:1:      erik_arrival_orb_chamber, layout_basic
D:2:      layout_loops_ring, shapermc_ecumenical_altar_notcrosses
D:3:      layout_basic, dancing_weapons_uskayaw, uniq_terence
D:4:      minmay_polygon_palace, layout_cave_pools,
          lemuel_mausoleum_altar_kikubaaqudgha, temple_hall, serial_shops,
          nicolae_diamond_shop, nicolae_shop_advertising_works
          [nicolae_subvault_shop_adworks], shop,
          nicolae_shop_competitors_out_of_business, minmay_quantized

Skill      XL: |  1  2  3  4 |
---------------+-------------+-----
Summonings     | 2 3 4 |  4.1
Spellcasting   | 3 |  3.2
Fighting       | |  2.0
Armour         | |  1.0
Dodging        | |  2.6
Stealth        | |  1.0

Action                   |  1- 3 |  4- 6 || total
-------------------------+-------+-------++-------
Melee: Club              |    22 |       ||    22
       Dagger            |    61 |       ||    61
       Short sword       |    61 |    33 ||    94
       Headbutt          |     4 |     5 ||     9
       Punch             |     1 |       ||     1
 Cast: Summon Small Mamm |    25 |     6 ||    31
  Use: Scroll            |       |     5 ||     5
       Potion            |       |     1 ||     1
 Stab: Sleeping          |     1 |     1 ||     2
Armor: Leather armour    |    54 |     9 ||    63
Dodge: Dodged            |    80 |    25 ||   105
Block: Other             |       |     1 ||     1
